 Dungeon Crawl Stone Soup version 0.28-a0-643-g84cb2ea78e (webtiles) character file.

Game seed: 3960851092409242291

1799 timneilson the Shield-Bearer (level 8, -4/91 HPs)
             Began as a Demonspawn Fighter on Oct 10, 2021.
             Was an Initiate of Qazlal.
             Killed by divine providence
             ... invoked by an orc priest
              (13 damage)
             ... on level 7 of the Dungeon.
             The game lasted 00:10:37 (5873 turns).

timneilson the Shield-Bearer (Demonspawn Fighter)   Turns: 5873, Time: 00:10:38

Health: -4/91      AC: 28    Str: 17 (19) XL:     8   Next: 83%
Magic:  10/10      EV:  2    Int:  7 (9)  God:    Qazlal [......]
Gold:   252        SH:  9    Dex: 10 (13) Spells: 7/7 levels left

rFire   . . .      SeeInvis +   a - +0 long sword
rCold   . . .      Faith    .   c - +0 buckler
rNeg    . . .      Spirit   .   (armour currently unavailable)
rPois   +          Reflect  .   (helmet currently unavailable)
rElec   .          Harm     .   (cloak currently unavailable)
rCorr   .          Rampage  .   (gloves currently unavailable)
Will    +....      NoTele   +   (boots currently unavailable)
Stlth   +.........              (no amulet)
HPRegen 0.25/turn               i - ring of see invisible
MPRegen 0.12/turn               j - ring of willpower

@: tree-form, hasted, very quick
A: stationary, stasis, torment immunity, boosted hp, (horns 1), (icy blue scales
1), foul stench 1, icemail 1, condensation shield
a: Renounce Religion


You were on level 7 of the Dungeon.
You worshipped Qazlal.
Qazlal was noncommittal.
You were a tree.
You visited 2 branches of the dungeon, and saw 8 of its levels.

You collected 252 gold pieces.

Inventory:

Hand Weapons
 a - a +0 long sword (weapon)
Armour
 c - a +0 buckler (worn)
 g - a +0 plate armour
 l - a +0 pair of gloves (melded)
 r - a +0 chain mail (melded)
Jewellery
 i - a ring of see invisible (left branch)
 j - a ring of willpower (right branch)
Wands
 s - a wand of flame (12)
Scrolls
 d - 2 scrolls of enchant armour
 f - a scroll of teleportation
 p - a scroll of magic mapping
Potions
 b - a potion of attraction
 e - a potion of mutation
 h - a potion of curing
 m - a potion of flight
 q - 2 potions of magic


   Skills:
 + Level 4.9 Fighting
 * Level 5.3 Long Blades
 * Level 5.7 Armour
 + Level 3.2 Dodging
 * Level 5.8 Shields
 + Level 2.7 Invocations


You had 7 spell levels left.
You didn't know any spells.
Your spell library contained the following spells:

 Spells                   Type           Power      Damage    Failure   Level
 Freeze                   Ice            0%         1d3       43%         1
 Ensorcelled Hibernation  Hex/Ice        0%         N/A       56%         2
 Static Discharge         Conj/Air       0%         N/A       56%         2
 Frozen Ramparts          Ice            0%         1d2       80%         3
 Ozocubu's Armour         Ice            0%         N/A       80%         3
 Spider Form              Tmut/Pois      0%         N/A       80%         3
 Hailstorm                Conj/Ice       0%         3d3       99%         4
 Lightning Bolt           Conj/Air       0%         1d11      100%        5
 Ozocubu's Refrigeration  Ice            0%         4d5       100%        7
 Maxwell's Capacitive Co  Air            0%         ∞         100%        8


Dungeon Overview and Level Annotations

Branches:
Dungeon (7/15)             Temple (1/1) D:4

Altars:
Ashenzari
Cheibriados
Elyvilon
Fedhas
Hepliaklqana
Kikubaaqudgha
Makhleb
Qazlal
Sif Muna
Trog
Uskayaw
Vehumet
Wu Jian
Zin
The Shining One

Shops:
D:5 :


Innate Abilities, Weirdness & Mutations

You are a tree.
Your roots penetrate the ground, keeping you stationary.
You cannot be teleported.
You are immune to unholy pain and torment.
Your maximum health is greatly increased.
Your equipment is partially melded.
((You have a pair of small horns on your head.))
((You are partially covered in icy blue scales. (AC +2)))
You may rarely emit foul miasma when damaged in melee.
A meltable icy envelope protects you from harm. (AC +4)
A meltable shield of frost defends you. (SH +4)


Message History

You feel very buoyant.
You fly up into the air.
Your icy envelope is restored.
The wyvern bites you but does no damage.
A wight comes into view.
It is wielding a +3 great sword of freezing.
The wyvern barely misses you.
You barely miss the wyvern.
The wyvern is lightly wounded.
You block the wyvern's attack.
An orc comes into view. It is wielding a +0 short sword.
You completely miss the wyvern.
The wyvern is lightly wounded.
The orc shouts!
You hear a shout!
The wyvern closely misses you.
The wyvern bites you but does no damage.
A wight comes into view. It is wielding a +0 halberd.
You block the wyvern's attack.
You hit the wyvern but do no damage. The wyvern bites you!
* * * LOW HITPOINT WARNING * * *
The orc priest casts a cantrip, but nothing happens.
You block the wyvern's attack.
You slash the wyvern!
The wyvern is moderately wounded.
The wyvern bites you!
* * * LOW HITPOINT WARNING * * *
It was a potion of lignification.
You turn into a tree.
Your +0 pair of gloves melds into your body.
Your +0 chain mail melds into your body.
Your roots penetrate the ground.
You block the wyvern's attack.
The wyvern bites you but does no damage.
It was a potion of degeneration.
There was something very wrong with that liquid.
You feel weakened.
You feel dopey.
You feel clumsy.
The orc priest looks braver for a moment.
The wyvern barely misses you.
It was a potion of haste.
You feel yourself speed up.
The wyvern bites you but does no damage.
The orc priest invokes the aid of Beogh against you.
Beogh smites you!
You die...

***,,* #..# *,..,
**,** #..# *...,
#..* #..# *#...,
*..#* #..##
*##...,, *#z.*
#...# ##....,,,
#..* #...#
###..#**,,,
#.z###...###...#*
****
*#..##.........###
#..#♣.#######...##
#z5l### ##...##
##o## ###.)###
*#o## ###..# #..*
##). *#.#* ###
**.#* # *..*
**#.,**


You could see a wyvern, a wight, an orc priest, an orc and an ufetubus.

Vanquished Creatures
  Sigmund (D:4)
  Duvessa (D:7)
  3 necrophages
  3 sky beasts (D:6)
  A centaur (D:5)
  4 scorpions
  A bullfrog (D:5)
  Dowan (D:7)
  A water moccasin skeleton (D:5)
  2 howler monkeys
  An iron imp (D:4)
  4 jellies
  2 bullfrog skeletons (D:6)
  Natasha (thrice) (D:2)
  7 gnolls
  3 adders
  An ufetubus (D:5)
  A worm (D:2)
  2 dart slugs (D:2)
  3 orcs
  7 ball pythons
  4 endoplasms
  6 giant cockroaches
  6 hobgoblins
  9 jackals
  3 quokkas
  2 bats
  2 frilled lizards (D:2)
  9 goblins
  6 kobolds
  5 rats
104 creatures vanquished.

Notes
Turn   | Place    | Note
-------+----------+-------------------------------------------
     0 | D:1      | timneilson the Demonspawn Fighter began the quest for the
                  | Orb.
     0 | D:1      | Reached XP level 1. HP: 18/18 MP: 1/1
   334 | D:1      | Gained mutation: A meltable shield of frost defends you.
                  | (SH +4) [demonic ancestry]
   334 | D:1      | Reached XP level 2. HP: 23/24 MP: 2/2
  1068 | D:2      | Found a faded altar of an unknown god.
  1070 | D:2      | Noticed Natasha
  1074 | D:2      | Killed Natasha
  1075 | D:2      | Gained mutation: You are partially covered in icy blue
                  | scales. (AC +2) [demonic ancestry]
  1075 | D:2      | Reached XP level 3. HP: 20/29 MP: 3/3
  1198 | D:2      | Noticed Natasha
  1207 | D:2      | Killed Natasha
  1208 | D:2      | Gained mutation: You may rarely emit foul miasma when
                  | damaged in melee. [demonic ancestry]
  1208 | D:2      | Reached XP level 4. HP: 32/35 MP: 4/4
  1284 | D:2      | Found a broken altar of Ashenzari.
  1345 | D:2      | Noticed Natasha
  1351 | D:2      | Killed Natasha
  1352 | D:2      | Reached skill level 1 in Dodging
  1420 | D:2      | Noticed a scorpion
  1437 | D:2      | Killed a scorpion
  1438 | D:2      | Reached XP level 5. HP: 38/41 MP: 5/5
  2984 | D:4      | Noticed Sigmund
  2986 | D:4      | Gained mutation: A meltable icy envelope protects you from
                  | harm. (AC +4) [demonic ancestry]
  2986 | D:4      | Reached XP level 6. HP: 48/48 MP: 6/6
  3002 | D:4      | Killed Sigmund
  3026 | D:4      | Found a snail-covered altar of Cheibriados.
  3130 | D:4      | Found a staircase to the Ecumenical Temple.
  3142 | Temple   | Entered the Ecumenical Temple
  3525 | D:4      | Gained mutation: You have a pair of small horns on your
                  | head. [demonic ancestry]
  3525 | D:4      | Reached XP level 7. HP: 51/54 MP: 7/7
  3682 | D:5      | Entered Level 5 of the Dungeon
  3873 | D:5      | Found a shimmering blue altar of Sif Muna.
  3884 | D:5      | Found Yluuf's Book Emporium.
  3995 | D:5      | Found a hide-covered altar of Uskayaw.
  3998 | D:5      | Found a blossoming altar of Fedhas.
  4113 | D:5      | Found a stormy altar of Qazlal.
  4120 | D:5      | Became a worshipper of Qazlal Stormbringer
  4216 | D:5      | Reached skill level 5 in Shields
  4605 | D:6      | Reached skill level 5 in Armour
  4605 | D:6      | Reached XP level 8. HP: 61/61 MP: 8/8
  4680 | D:6      | Reached skill level 1 in Invocations
  5275 | D:6      | Reached skill level 5 in Long Blades
  5795 | D:7      | Noticed Dowan
  5795 | D:7      | Noticed Duvessa
  5810 | D:7      | Killed Duvessa
  5835 | D:7      | Killed Dowan
  5873 | D:7      | Killed from afar by an orc priest

Illustrated notes

Levels and vault maps discovered:
D:1:      lightli_arrival_quake, layout_basic, chequers_serial_rivers_small_3,
          minmay_fountain_box
D:2:      kennysheep_big_flooded_room, layout_loops_cross,
          ebering_ecumenical_altar_petrified, basic_altar, minmay_pentomino_u2,
          uniq_natasha
D:3:      layout_loops_ring, minmay_misc_feat_secret_circle,
          minmay_misc_feat_four_crosses
D:4:      layout_loops_ring, slow_altar_1, minmay_temple_entry_junction,
          corexii_shack, minmay_cut_off, uniq_sigmund
D:5:      layout_loops_cross, nicolae_qazlal_eye_of_the_storm,
          kennysheep_mini_moat, nicolae_overflow_hidden_temple, serial_shops,
          nicolae_shop_statue_plus
D:6:      layout_loops_cross
D:7:      layout_cave_pods, mainiacjoe_overflow_paths, lemuel_round_altar,
          enter_bailey_5, serial_park_tiny_1, guppyfry_shop_venom, uniq_harold,
          uniq_joseph, uniq_duvessa
Temple:   dpeg_three_leaves_temple

Skill      XL: |  1  2  3  4  5  6  7  8 |
---------------+-------------------------+-----
Long Blades    | 2 3 4 5 |  5.3
Shields        | 3 4 5 |  5.8
Armour         | 3 4 5 |  5.7
Dodging        | 1 2 3 |  3.2
Fighting       | 4 |  4.9
Invocations    | 2 |  2.7

Action                   |  1- 3 |  4- 6 |  7- 9 || total
-------------------------+-------+-------+-------++-------
Melee: Long sword        |    92 |   134 |   221 ||   447
       Headbutt          |       |       |    51 ||    51
  Use: Scroll            |     2 |     6 |     4 ||    12
       Potion            |       |     2 |     6 ||     8
Armor: Scale mail        |    39 |    59 |    43 ||   141
       Chain mail        |       |       |    51 ||    51
       Skin              |       |       |     2 ||     2
Dodge: Dodged            |    34 |    62 |    87 ||   183
Block: Buckler           |    55 |    72 |   105 ||   232

Table legend: (Time is in decaauts)
 A = Elapsed time spent in this place.
 B = Non-inter-level travel time spent in this place.
 C = Inter-level travel time spent in this place.
 D = Time resting spent in this place.
 E = Time spent auto-exploring this place.
 F = Levels seen in this place.
 G = Mean time per level.
                   A        B        C        D        E       F      G
               +--------+--------+--------+--------+--------+-----+--------+
         Total |   5976 |   5842 |    134 |    249 |   4235 |   8 |  747.0 |
       Dungeon |   5828 |   5708 |    120 |    249 |   4110 |   7 |  832.6 |
        Temple |    147 |    133 |     14 |      0 |    125 |   1 |  147.0 |
               +--------+--------+--------+--------+--------+-----+--------+

Top non-repeatable levels by time:
     D:6: 1366 daAuts
     D:1: 1052 daAuts
     D:2: 886 daAuts
     D:3: 851 daAuts
     D:4: 811 daAuts
     D:5: 771 daAuts
  Temple: 147 daAuts
     D:7: 89 daAuts
